 Dungeon Crawl Stone Soup version 0.28-a0-1638-g9123634e07 (webtiles) character file.

Game seed: 17340396084100917653

7 croobank the Sneak (level 1, -1/10 HPs)
             Began as a Felid Delver on Jan 25, 2022.
             Slain by a jackal (3 damage)
             ... on level 1 of the Dungeon.
             The game lasted 00:05:30 (321 turns).

croobank the Sneak (Felid Delver)                    Turns: 321, Time: 00:05:31

Health: -1/10      AC:  1    Str:  8    XL:     1   Next: 91%
Magic:  2/2        EV: 18    Int: 11    God:
Gold:   33         SH:  0    Dex: 17    Spells: 0/0 levels left
                                        Lives:  0   Deaths: 0

rFire   . . .      SeeInvis +     - Unarmed
rCold   . . .      Faith    .   (shield unavailable)
rNeg    . . .      Spirit   .   (armour unavailable)
rPois   .          Reflect  .   (helmet unavailable)
rElec   .          Harm     .   (cloak unavailable)
rCorr   .          Rampage  .   (gloves unavailable)
Will    .....                   (boots unavailable)
Stlth   ++++......              (no amulet)
HPRegen 0.03/turn               (no ring)
MPRegen 0.08/turn               (no ring)

@: brilliant, quick
A: very small, claws 1, fangs 3, see invisible, speed 1, shaggy fur 1, stealthy
paws, no weapons or thrown items, no armour, multi-lived
a: no special abilities


You were on level 1 of the Dungeon.
You visited 1 branch of the dungeon, and saw 6 of its levels.

You collected 33 gold pieces.

Inventory:

Wands
 d - a wand of iceblast (8)
Scrolls
 a - a scroll of fog
 e - a scroll of blinking {unknown}
 f - a scroll of immolation {unknown}
 g - a scroll of identify {unknown}
 h - a scroll of teleportation


   Skills:
 + Level 3.1 Fighting
 + Level 3.0 Dodging
 + Level 6.7 Stealth
 + Level 2.1 Unarmed Combat


You couldn't memorise any spells.
You didn't know any spells.
Your spell library was empty.

Dungeon Overview and Level Annotations

Branches:
Dungeon (6/15)             Temple (0/1) D:5

Altars:
Okawaru


Innate Abilities, Weirdness & Mutations

You have sharp claws.
You have razor-sharp teeth.
You have supernaturally acute eyesight. (SInv)
You cover ground quickly. (Speed+)
You are covered in fur. (AC +1)
Your paws help you pounce on unaware monsters.
You are incapable of wielding weapons or throwing items.
You cannot wear armour.
You gain extra lives every three experience levels.


Message History

The jackal bites you.
* * * LOW HITPOINT WARNING * * *
The jackal completely misses you.
You scratch the jackal. Your bite misses the jackal.
The jackal is heavily wounded.
The jackal barely misses you.
You scratch the jackal.
The jackal is severely wounded.
The jackal closely misses you.
You scratch the jackal.
You kill the jackal!
You closely miss the quokka. The quokka misses you.
You closely miss the quokka. The quokka barely misses you.
The quokka completely misses you.
You closely miss the quokka.
The quokka twitches its whiskers.
The quokka barely misses you.
You scratch the quokka.
The quokka is severely wounded.
The quokka completely misses you.
You scratch the quokka.
You kill the quokka!
Your Dodging skill increases to level 3!
Found a faded altar of an unknown god.
A jackal comes into view.
The jackal barks!
You hear a bark!
A jackal comes into view.
You hear a shout!
A quokka comes into view.
A kobold comes into view. It is wielding a +0 short sword.
Found a potion of brilliance.
You scratch the jackal.
The jackal is severely wounded.
You barely miss the jackal. The jackal completely misses you.
A goblin and a ball python come into view.
The goblin shouts!
The hobgoblin shouts!
The hobgoblin closely misses you. The jackal bites you.
You die...

.# .# .# .#
#########.######
#>...hg@........
#....rh..gS.....
#.#.K#......#.#
#.#..#........#
#.#.r##########
#.......#
#.8.⌠.8.#
...K.......
.!...⌠._.⌠.##.#


You could see a quokka, 2 jackals, a hobgoblin, a goblin, a ball python and a
kobold.

Vanquished Creatures
  A worm (D:4)
  A ball python (D:3)
  A jackal (D:1)
  A quokka (D:1)
4 creatures vanquished.

Notes
Turn   | Place    | Note
-------+----------+-------------------------------------------
     0 | D:5      | croobank the Felid Delver began the quest for the Orb.
     0 | D:5      | Reached XP level 1. HP: 10/10 MP: 2/2
     1 | D:5      | Noticed a phantom
    41 | D:5      | Noticed an orc wizard
    52 | D:6      | Noticed a killer bee
    52 | D:6      | Noticed a killer bee
    52 | D:6      | Noticed a killer bee
   157 | D:5      | Noticed a scorpion
   167 | D:4      | Found an iron altar of Okawaru.
   308 | D:1      | Found a faded altar of an unknown god.
   321 | D:1      | Slain by a jackal

Illustrated notes

Levels and vault maps discovered:
D:1:      amcnicky_arrival_single_pillar, layout_basic,
          hellmonk_ecumenical_altar_dog_temple
D:2:      layout_rooms, minivault_19
D:3:      layout_basic
D:4:      layout_layer_cave, okawaru_metal_pillars_1_2, serial_shops,
          nicolae_shop_temple_entry_statues_fountains, shop,
          nicolae_diamond_shop, shop, serial_bayou_lagoon_a, uniq_grinder
D:5:      layout_cave_pods, minmay_temple_entry_offerings,
          minmay_misc_feat_cross, columned_hall_lemuel
D:6:      layout_basic

Skill      XL: |  1 |
---------------+----+-----
Dodging        | 3 |  3.0
Fighting       | |  3.1
Stealth        | |  6.7
Unarmed Combat | |  2.1

Action                   || total
-------------------------++-------
Melee: Unarmed           ||    18
       Punch             ||     1
       Bite              ||     1
Evoke: Wand              ||     5
  Use: Scroll            ||     3
       Potion            ||     2
 Stab: Sleeping          ||     1
Dodge: Dodged            ||    25

Table legend: (Time is in decaauts)
 A = Elapsed time spent in this place.
 B = Non-inter-level travel time spent in this place.
 C = Inter-level travel time spent in this place.
 D = Time resting spent in this place.
 E = Time spent auto-exploring this place.
 F = Levels seen in this place.
 G = Mean time per level.
                   A        B        C        D        E       F      G
               +--------+--------+--------+--------+--------+-----+--------+
         Total |    250 |    250 |      0 |      0 |      2 |   6 |   41.7 |
       Dungeon |    250 |    250 |      0 |      0 |      2 |   6 |   41.7 |
               +--------+--------+--------+--------+--------+-----+--------+

Top non-repeatable levels by time:
     D:3: 82 daAuts
     D:5: 76 daAuts
     D:6: 43 daAuts
     D:1: 22 daAuts
     D:2: 19 daAuts
     D:4: 5 daAuts
